 Dungeon Crawl Stone Soup version 0.26.1-10-gdfb7c7de75 (webtiles) character file.

Game seed: 3963925666931890442

166 Almogavar the Skirmisher (level 5, -5/47 HPs)
             Began as a Gnoll Wanderer on Apr 1, 2021.
             Killed by nerve-wracking pain
             ... invoked by Grinder
              (13 damage)
             ... on level 3 of the Dungeon.
             The game lasted 00:07:08 (2652 turns).

Almogavar the Skirmisher (Gnoll Wanderer)           Turns: 2652, Time: 00:07:09

Health: -5/47      AC: 11    Str: 14 (17) XL:     5   Next: 47%
Magic:  7/7        EV:  6    Int: 12 (15) God:
Gold:   193        SH:  0    Dex:  9 (12) Spells: 7/7 levels left

rFire    . . .     SeeInvis .   a - +0 falchion
rCold    + . .     Faith    .   (no shield)
rNeg     . . .     Spirit   .   i - +2 chain mail {rC+}
rPois    .         Reflect  .   (no helmet)
rElec    .         Harm     .   (no cloak)
rCorr    .         Rampage  .   (no gloves)
Will     .....                  (no boots)
Stlth    ..........             (no amulet)
HPRegen  0.15/turn              (no ring)
MPRegen  0.10/turn              (no ring)

@: about to teleport
A: distributed training, fangs 1, strong nose
a: no special abilities


You were on level 3 of the Dungeon.
You visited 1 branch of the dungeon, and saw 3 of its levels.

You collected 193 gold pieces.

Inventory:

Hand Weapons
 a - a +0 falchion (weapon)
 d - a +0 dagger
 o - a +0 hunting sling
Missiles
 p - 44 stones (quivered)
Armour
 i - a +2 chain mail of cold resistance (worn)
Scrolls
 b - 2 scrolls of remove curse
 c - 2 scrolls of teleportation
 h - 2 scrolls of magic mapping {unknown}
 k - a scroll of enchant weapon
 m - a scroll of noise {unknown}
 q - a scroll of fear {unknown}
Potions
 e - a potion of invisibility {unknown}
 f - a potion of lignification {unknown}
 g - 3 potions of curing
 j - a potion of haste
 l - a potion of attraction
 n - a potion of degeneration


   Skills:
 + Level 6.7 Fighting
 + Level 1.5 Short Blades
 + Level 1.5 Long Blades
 + Level 1.5 Axes
 + Level 1.5 Maces & Flails
 + Level 1.5 Polearms
 + Level 1.5 Staves
 + Level 1.5 Slings
 + Level 1.5 Bows
 + Level 1.5 Crossbows
 + Level 1.5 Throwing
 + Level 4.8 Armour
 + Level 1.5 Dodging
 + Level 4.4 Stealth
 + Level 1.5 Shields
 + Level 4.8 Unarmed Combat
 + Level 1.5 Spellcasting
 + Level 1.2 Conjurations
 + Level 1.2 Hexes
 + Level 1.2 Summonings
 + Level 1.2 Necromancy
 + Level 1.2 Translocations
 + Level 1.2 Transmutations
 + Level 1.2 Fire Magic
 + Level 1.2 Ice Magic
 + Level 1.2 Air Magic
 + Level 1.2 Earth Magic
 + Level 1.2 Poison Magic
 + Level 1.7 Invocations
 + Level 3.0 Evocations


You had 7 spell levels left.
You didn't know any spells.
Your spell library was empty.

Dungeon Overview and Level Annotations

Branches:
Dungeon (3/15)

Altars:
Ashenzari

Annotations:
D:3 Grinder


Innate Abilities, Weirdness & Mutations

Your experience applies equally to all skills.
You have very sharp teeth.
Your uncanny sense of smell can sniff out nearby items.


Message History

Grinder is moderately wounded.
The worm closely misses you. Grinder hits you.
You writhe in agony.
* * * LOW HITPOINT WARNING * * *
You hit Grinder but do no damage.
Grinder is moderately wounded.
Grinder hits you.
* * * LOW HITPOINT WARNING * * *
You writhe in agony.
* * * LOW HITPOINT WARNING * * *
The worm bites you.
* * * LOW HITPOINT WARNING * * *
You feel better. Grinder barely misses you.
You riposte.
You closely miss Grinder.
Grinder is moderately wounded.
The worm bites you but does no damage.
As you read the scroll of teleportation, it crumbles to dust.
You feel strangely unstable. Grinder gestures at you.
Pain shoots through your body!
You die...

#...# ##.#.......######
#...# ##.#.#.#### #...#
#.#.#.#
.#####...#########...#.#
#........5..(...##..##.##..
#............(^............
#.....(...†...(.###.#.###..
.####.....#####w##..#.#
#......# #@##.## # #
#......# #5##.##.# #
#......# #....†..# #
#......#######.#### #
#>...#.##......#
#......##.####.#####... ..#
######.#######.####........#
... .......##
##.....#.#####... ..#
#........ ...##.#.#


You could see Grinder and a worm.

Vanquished Creatures
  Jessica (D:2)
  Natasha (D:2)
  4 adders (D:2)
  An ooze (D:1)
  2 worms
  2 dart slugs
  3 leopard geckos
  2 orcs (D:3)
  3 giant cockroaches
  8 goblins
  5 hobgoblins
  2 quokkas (D:3)
  7 bats
  2 frilled lizards
  9 kobolds
  12 rats
64 creatures vanquished.

Notes
Turn   | Place    | Note
-------+----------+-------------------------------------------
     0 | D:1      | Almogavar the Gnoll Wanderer began the quest for the Orb.
     0 | D:1      | Almogavar set off with the following items: a +0 falchion,
                  | a +2 scale mail, a scroll of teleportation, a +0 dagger
     0 | D:1      | Reached XP level 1. HP: 23/23 MP: 1/1
     6 | D:1      | Noticed a wyvern
     6 | D:1      | Noticed a lindwurm
     6 | D:1      | Noticed a worker ant
   124 | D:1      | Reached XP level 2. HP: 25/29 MP: 2/2
   501 | D:1      | Reached XP level 3. HP: 31/35 MP: 3/3
   777 | D:2      | Reached skill level 1 in Invocations
   985 | D:2      | Reached skill level 1 in Short Blades
   985 | D:2      | Reached skill level 1 in Long Blades
   985 | D:2      | Reached skill level 1 in Axes
   985 | D:2      | Reached skill level 1 in Maces & Flails
   985 | D:2      | Reached skill level 1 in Polearms
   985 | D:2      | Reached skill level 1 in Staves
   985 | D:2      | Reached skill level 1 in Slings
   985 | D:2      | Reached skill level 1 in Bows
   985 | D:2      | Reached skill level 1 in Crossbows
   985 | D:2      | Reached skill level 1 in Throwing
   985 | D:2      | Reached skill level 1 in Dodging
   985 | D:2      | Reached skill level 1 in Shields
   985 | D:2      | Reached skill level 1 in Spellcasting
  1062 | D:2      | Found a broken altar of Ashenzari.
  1071 | D:2      | Reached XP level 4. HP: 39/41 MP: 5/5
  1291 | D:2      | Noticed Natasha
  1297 | D:2      | Killed Natasha
  1298 | D:2      | Reached skill level 1 in Conjurations
  1298 | D:2      | Reached skill level 1 in Hexes
  1298 | D:2      | Reached skill level 1 in Summonings
  1298 | D:2      | Reached skill level 1 in Necromancy
  1298 | D:2      | Reached skill level 1 in Translocations
  1298 | D:2      | Reached skill level 1 in Transmutations
  1298 | D:2      | Reached skill level 1 in Fire Magic
  1298 | D:2      | Reached skill level 1 in Ice Magic
  1298 | D:2      | Reached skill level 1 in Air Magic
  1298 | D:2      | Reached skill level 1 in Earth Magic
  1298 | D:2      | Reached skill level 1 in Poison Magic
  1366 | D:2      | Noticed Jessica
  1382 | D:2      | Killed Jessica
  1383 | D:2      | Reached XP level 5. HP: 26/47 MP: 5/7
  2102 | D:3      | Noticed Grinder
  2108 | D:3      | Paralysed by Grinder for 6 turns
  2597 | D:3      | Paralysed by Grinder for 5 turns
  2652 | D:3      | Killed from afar by Grinder

Illustrated notes

Levels and vault maps discovered:
D:1:      onia_arrival_zoo_common, layout_rooms, minmay_tetromino_i4
D:2:      layout_basic, lemuel_crystal_altar, uniq_natasha, uniq_jessica
D:3:      layout_loops_cross, uniq_grinder

Skill      XL: |  1  2  3  4  5 |
---------------+----------------+-----
Invocations    | 1 |  1.7
Short Blades   | 1 |  1.5
Long Blades    | 1 |  1.5
Axes           | 1 |  1.5
Maces & Flails | 1 |  1.5
Polearms       | 1 |  1.5
Staves         | 1 |  1.5
Slings         | 1 |  1.5
Bows           | 1 |  1.5
Crossbows      | 1 |  1.5
Throwing       | 1 |  1.5
Dodging        | 1 |  1.5
Shields        | 1 |  1.5
Spellcasting   | 1 |  1.5
Conjurations   | 1 |  1.2
Hexes          | 1 |  1.2
Summonings     | 1 |  1.2
Necromancy     | 1 |  1.2
Translocations | 1 |  1.2
Transmutations | 1 |  1.2
Fire Magic     | 1 |  1.2
Ice Magic      | 1 |  1.2
Air Magic      | 1 |  1.2
Earth Magic    | 1 |  1.2
Poison Magic   | 1 |  1.2
Evocations     | 3 |  3.0
Fighting       | |  6.7
Armour         | |  4.8
Stealth        | |  4.4
Unarmed Combat | |  4.8

Action                   |  1- 3 |  4- 6 || total
-------------------------+-------+-------++-------
Melee: Falchion          |    88 |   158 ||   246
       Punch             |     4 |     2 ||     6
       Bite              |     4 |    22 ||    26
Throw: Stone             |       |    28 ||    28
  Use: Scroll            |     3 |     5 ||     8
       Potion            |       |     5 ||     5
 Stab: Sleeping          |       |     1 ||     1
Armor: Scale mail        |    56 |    42 ||    98
       Chain mail        |       |    73 ||    73
Dodge: Dodged            |    61 |    81 ||   142
       Rpst.: Falchion   |    24 |    29 ||    53
